 Dungeon Crawl Stone Soup version 0.30.1-3-gfc49f6343a (console) character file.

Game seed: 15305418756094349152

133 Zeor the Slasher (level 4, -4/41 HPs)
             Began as an Armataur Monk on July 29, 2023.
             Killed by nerve-wracking pain
             ... invoked by Grinder
              (12 damage)
             ... on level 4 of the Dungeon.
             The game lasted 00:05:54 (2974 turns).

Zeor the Slasher (Armataur Monk)                    Turns: 2974, Time: 00:05:55

Health: -4/41      AC:  6    Str: 14 (16) XL:     4   Next: 93%
Magic:  4/4        EV: 10    Int:  7 (11) God:
Gold:   166        SH:  0    Dex: 15 (17) Spells: 3/3 levels left

rFire   . . .        a - +0 falchion
rCold   . . .        d - orb {light}
rNeg    . . .        i - +0 leather armour
rPois   .            (no helmet)
rElec   .            (no cloak)
rCorr   .            n - +1 pair of gloves {Dex+3}
SInv    .            (no barding)
Will    .....        (no amulet)
Stlth   +            (no ring)
HPRegen 0.26/turn    (no ring)
MPRegen 0.09/turn

%: roll
@: about to teleport, glowing
A: large, rugged brown scales 3, deformed body, armoured tail, roll, long
tongue, awkward tongue
a: no special abilities


You were on level 4 of the Dungeon.
You visited 1 branch of the dungeon, and saw 4 of its levels.

You collected 166 gold pieces.

Inventory:

Hand Weapons
 a - a +0 falchion (weapon)
Missiles
 e - 9 poisoned darts (quivered)
Armour
 d - an orb of light (worn)
 i - a +0 leather armour (worn)
 n - a +1 pair of gloves of dexterity (worn)
Wands
 b - a wand of roots (7)
Scrolls
 f - a scroll of fear
 h - 2 scrolls of teleportation
Potions
 c - 2 potions of ambrosia
 g - 2 potions of heal wounds
 j - 2 potions of flight
 m - a potion of degeneration


   Skills:
 + Level 3.6 Fighting
 * Level 4.2 Long Blades
 + Level 0.9 Armour
 + Level 2.3 Dodging


You had 3 spell levels left.
You didn't know any spells.
Your spell library contained the following spells:

 Spells                   Type           Power      Damage    Failure   Level
 Kiss of Death            Conj/Necr      0%         2d5       50%         1
 Confusing Touch          Hex            0%         N/A       86%         3
 Dispel Undead            Necr           0%         3d6       99%         4


Dungeon Overview and Level Annotations

Branches:
Dungeon (4/15)
 Temple: D:4-7

Altars:

Shops:
D:1 :   D:2 :

Annotations:
D:3 3 runed translucent doors, sampeng1's ghost, weakling GnCA
D:4 Grinder


Innate Abilities, Weirdness & Mutations

You are completely covered in rugged brown scales. (AC +3, +7% HP)
Armour fits poorly on your strangely shaped body.
You have a long armoured tail.
You roll when moving toward enemies. (Rampage)
Your long tongue fully drains potion bottles. (2x potion effects)
Your tongue gives you trouble enunciating. (1.5x scroll delay)


Message History

It was a potion of cancellation.
You feel magically purged.
You slurp down every last drop of the potion of cancellation!
Okay, then.
Grinder blinks!
You hit Grinder but do no damage.
Your tail-slap misses Grinder.
Grinder hits you.
You writhe in agony.
You hit Grinder.
Grinder is lightly wounded.
Grinder barely misses you.
You barely miss Grinder.
Grinder is lightly wounded.
Grinder hits you but does no damage.
You hit Grinder. You tail-slap Grinder!
Grinder is moderately wounded.
Grinder gestures at you.
You barely resist. You hit Grinder. You tail-slap Grinder.
Grinder is moderately wounded.
Grinder hits you.
You writhe in agony.
You hit Grinder.
You tail-slap Grinder, but do no damage.
Grinder is moderately wounded.
Grinder hits you.
You writhe in agony.
You hit Grinder but do no damage. You tail-slap Grinder!
Grinder is heavily wounded.
Grinder hits you!
You writhe in agony.
* * * LOW HITPOINT WARNING * * *
As you slowly read the scroll of teleportation, it crumbles to dust.
You feel strangely unstable.
Grinder blinks!
Grinder gestures at you.
You barely resist.
You roll towards Grinder!
You hit Grinder.
Grinder is severely wounded.
Grinder hits you.
* * * LOW HITPOINT WARNING * * *
You closely miss Grinder.
Grinder is severely wounded.
Grinder gestures at you. Pain shoots through your body!
You die...

▒∙▒ ▒∙▒ ▒∙▒
▒∙▒ ▒∙▒ ▒∙▒▒
▒▒▒∙∙▒▒
▒▒∙▒∙▒∙▒▒▒∙▒
▒5H∙▒▒▒∙∙∙∙▒
▒▒∙▒∙▒∙▒▒▒▒▒
▒∙▒▒∙▒▒
▒∙▒▒<▒
▒∙▒▒∙▒
▒∙▒▒∙∙


∙∙∙∙∙∙∙ ▒▒▒▒▒▒∙▒ ∙▒ You could see Grinder.

Vanquished Creatures
  Jessica (D:3)
  Ijyb (D:3)
  3 adders (D:2)
  A worm (D:2)
  3 dart slugs
  2 ball pythons (D:1)
  4 endoplasms
  2 giant cockroaches (D:2)
  5 hobgoblins
  3 quokkas
  4 bats
  4 frilled lizards
  4 goblins
  5 kobolds
  5 rats
47 creatures vanquished.

Notes
Turn   | Place    | Note
-------+----------+-------------------------------------------
     0 | D:1      | Zeor the Armataur Monk began the quest for the Orb.
     0 | D:1      | Reached XP level 1. HP: 19/19 MP: 1/1
    53 | D:1      | Found Zellim's Book Boutique.
    58 | D:1      | Reached skill level 3 in Long Blades
    67 | D:1      | Reached XP level 2. HP: 25/26 MP: 2/2
  1017 | D:2      | Found a faded altar of an unknown god.
  1080 | D:2      | Reached XP level 3. HP: 29/32 MP: 3/3
  1223 | D:2      | Found Xeholara's Vocational Training.
  1491 | D:2      | Reached skill level 4 in Long Blades
  1491 | D:2      | Reached XP level 4. HP: 40/40 MP: 4/4
  2069 | D:3      | Noticed Jessica
  2072 | D:3      | Killed Jessica
  2196 | D:3      | Found a runed translucent gate.
  2196 | D:3      | Found a runed translucent gate.
  2196 | D:3      | Found a runed translucent gate.
  2196 | D:3      | Noticed sampeng1's ghost (weakling GnCA)
  2556 | D:3      | Noticed Ijyb
  2573 | D:3      | Killed Ijyb
  2956 | D:4      | Noticed Grinder
  2958 | D:4      | Paralysed by Grinder for 2 turns
  2974 | D:4      | Killed from afar by Grinder

Illustrated notes

Levels and vault maps discovered:
D:1:      minmay_arrival_plants_in_alcoves, layout_basic, serial_shops,
          nicolae_shop_advertising_works [nicolae_subvault_shop_adworks]
D:2:      layout_loops_cross, ebering_ecumenical_altar_sacrificial,
          minmay_misc_feat_pillars, nicolae_shop_vocational
D:3:      layout_basic, ebering_ghost_rock_garden, minmay_misc_feat_diagonals,
          uniq_jessica, uniq_ijyb
D:4:      layout_loops_ring, overflow_temple_1_default, temple_hall,
          gup_ossuary_entry_pyramid, uniq_grinder

Skill      XL: |  1  2  3 |
---------------+----------+-----
Long Blades    | 3 4 |  4.2
Fighting       | 3 |  3.6
Armour         | |  0.9
Dodging        | |  2.3

Action                     |  1- 3 |  4- 6 || total
---------------------------+-------+-------++-------
  Melee: Falchion          |    87 |    38 ||   125
         Tailslap          |     9 |     7 ||    16
    Use: Scroll            |     5 |     5 ||    10
         Potion            |       |     4 ||     4
 Armour: Robe              |    21 |       ||    21
         Leather armour    |    11 |    15 ||    26
  Dodge: Dodged            |    43 |    11 ||    54
